 Dungeon Sprint DCSS version 0.20.1-1-g8b1a95d (webtiles) character file.

602 Lanoc the Fighter (level 7, -8/65 HPs)
             Began as a Demonspawn Berserker on Nov 28, 2017.
             Was a Priest of Trog.
             Mangled by a sun demon (9 damage)
             ... summoned by a kobold demonologist
             ... while paralysed by a floating eye
             ... in the Dungeon (Sprint I: "Red Sonja").
             The game lasted 00:04:42 (397 turns).

Lanoc the Fighter (Demonspawn Berserker)             Turns: 397, Time: 00:04:44

Health: -8/65      AC:  7    Str: 20      XL:     7   Next: 18%
Magic:  7/7        EV:  2    Int:  8      God:    Trog [***...]
Gold:   439        SH:  0    Dex:  9 (12) Spells: 6/6 levels left

rFire    + . .     SeeInvis .   a - +0 falchion
rCold    . . .     Gourm    .   (no shield)
rNeg     . . .     Faith    .   k - +0 scale mail
rPois    .         Spirit   .   (no helmet)
rElec    .         Reflect  .   (no cloak)
rCorr    .         Harm     .   (no gloves)
MR       ++...     NoTele   +   (no boots)
Stlth    ..........             (no amulet)
Regen    1.2/turn               (no ring)
MPRegen  0.1/turn               (no ring)

@: paralysed, berserk cooldown, regenerating, slowed
A: claws 2, fire resistance 1
a: Berserk, Trog's Hand, Burn Spellbooks, Renounce Religion


You were in the Dungeon.
You worshipped Trog.
Trog was most pleased with you.
You were hungry.

You visited 1 branch You collected 439 gold pieces.

Inventory:

Hand Weapons
 a - a +0 falchion (weapon)
 m - a +0 scythe
Armour
 b - a +0 animal skin
 k - a +0 scale mail (worn)
Scrolls
 i - a scroll of blinking
Potions
 f - a potion of haste
 g - 2 potions of magic
 h - a potion of berserk rage
 l - 2 potions of flight {unknown}
Comestibles
 c - a bread ration
 j - 4 chunks of flesh


   Skills:
 + Level 9.8 Fighting
 + Level 9.8 Long Blades
 + Level 5.3 Armour
 + Level 4.5 Dodging


You had 6 spell levels left.
You didn't know any spells.

Dungeon Overview and Level Annotations

Branches:
Dungeon (1/1)

Altars:
Cheibriados
Dithmenos
Elyvilon
Fedhas
Gozag
Hepliaklqana
Kikubaaqudgha
Makhleb
Nemelex Xobeh
Okawaru
Qazlal
Ru
Sif Muna
Trog
Uskayaw
Vehumet
Xom
Yredelemnul
Zin
The Shining One
Jiyva
Lugonu

Shops:
D :


Innate Abilities, Weirdness & Mutations

You have very sharp fingernails.
Your flesh is heat resistant. (rF+)


Message History

The kobold demonologist is heavily wounded.
The white imp misses you.
The shadow imp hits you but does no damage.
You hit the kobold demonologist but do no damage.
The kobold demonologist is heavily wounded.
You are feeling hungry.
The kobold demonologist hits you but does no damage.
The white imp closely misses you. The shadow imp closely misses you.
The kobold demonologist closely misses you.
The white imp completely misses you.
The floating eye gazes piercingly through you!
You suddenly lose the ability to move!
The white imp disappears in a puff of smoke!
The shadow imp hits you but does no damage.
The kobold demonologist gestures wildly while chanting.
The shadow imp hits you but does no damage.
The sun demon hits you!
* * * LOW HITPOINT WARNING * * *
You are engulfed in flames!
You resist.
You die...

#####################
.)..#..'..#__#.3@5G5#
.#..'[.#..'..'..#K4.#
###'#####'#__####K5.+
##..#...#(#### ####
_####..##.#
____##'#..+
.∩...÷..._#
..__##_.#'#
____###+#.#


You could see a sun demon, a hellwing, 2 kobold demonologists, a floating eye, a
shadow imp and 2 ufetubi.

Vanquished Creatures
  A slime creature (D)
  Sigmund (D)
  A yak (D)
  An ogre (D)
  A jelly (D)
  Ijyb (D)
6 creatures vanquished.

Notes
Turn   | Place    | Note
-------+----------+-------------------------------------------
     0 | D        | Lanoc the Demonspawn Berserker began the quest for the Orb.
     0 | D        | Reached XP level 1. HP: 18/18 MP: 1/1
     1 | D        | Noticed Ijyb
     7 | D        | Killed Ijyb
     7 | D        | Gained mutation: Your flesh is heat resistant. (rF+) [demonic ancestry]
     7 | D        | Reached XP level 2. HP: 26/26 MP: 2/2
    64 | D        | Noticed an ogre
    68 | D        | Killed an ogre
    68 | D        | Gained mutation: You have sharp fingernails. [demonic ancestry]
    68 | D        | Reached XP level 3. HP: 34/34 MP: 3/3
    68 | D        | Reached XP level 4. HP: 40/40 MP: 4/4
   116 | D        | Noticed Sigmund
   124 | D        | Killed Sigmund
   124 | D        | Reached ** piety under Trog
   124 | D        | Reached XP level 5. HP: 49/49 MP: 5/5
   160 | D        | Found a burning altar of Makhleb.
   160 | D        | Found a viscous altar of Jiyva.
   160 | D        | Found a shimmering altar of Xom.
   160 | D        | Found a corrupted altar of Lugonu.
   160 | D        | Noticed a slime creature
   171 | D        | Killed a slime creature
   171 | D        | Reached XP level 6. HP: 58/58 MP: 6/6
   213 | D        | Found a deep blue altar of Sif Muna.
   215 | D        | Found a radiant altar of Vehumet.
   217 | D        | Reached skill level 5 in Armour
   263 | D        | Found Ytoil's Book Emporium.
   263 | D        | Found an ancient bone altar of Kikubaaqudgha.
   263 | D        | Found a hazy altar of Hepliaklqana.
   263 | D        | Found a stormy altar of Qazlal.
   263 | D        | Found a hide-covered altar of Uskayaw.
   263 | D        | Found a blossoming altar of Fedhas.
   263 | D        | Found a bloodstained altar of Trog.
   263 | D        | Found an iron altar of Okawaru.
   263 | D        | Found a basalt altar of Yredelemnul.
   263 | D        | Found a glowing golden altar of the Shining One.
   263 | D        | Found a snail-covered altar of Cheibriados.
   263 | D        | Found a sacrificial altar of Ru.
   263 | D        | Found a glowing silver altar of Zin.
   263 | D        | Found a shadowy altar of Dithmenos.
   263 | D        | Found a white marble altar of Elyvilon.
   263 | D        | Noticed a yak
   266 | D        | Killed a yak
   266 | D        | Reached *** piety under Trog
   266 | D        | Gained mutation: You have very sharp fingernails. [demonic ancestry]
   266 | D        | Reached XP level 7. HP: 65/65 MP: 7/7
   267 | D        | Found an opulent altar of Gozag.
   332 | D        | Found a sparkling altar of Nemelex Xobeh.
   360 | D        | Noticed a kobold demonologist
   361 | D        | Noticed a kobold demonologist
   363 | D        | Noticed a rust devil
   363 | D        | Paralysed by a floating eye for 3 turns
   367 | D        | Noticed a hellwing
   371 | D        | Noticed a smoke demon
   374 | D        | Paralysed by a floating eye for 3 turns
   379 | D        | Paralysed by a floating eye for 4 turns
   387 | D        | Paralysed by a floating eye for 3 turns
   392 | D        | Paralysed by a floating eye for 2 turns
   393 | D        | Noticed a hellwing
   395 | D        | Paralysed by a floating eye for 4 turns
   397 | D        | Noticed a sun demon
   397 | D        | HP: 1/65 [sun demon[a kobold demonologist] (14)]
   397 | D        | Mangled by a sun demon

Skill      XL: |  1  2  3  4  5  6 |
---------------+-------------------+-----
Fighting       | 4 6 8 9 |  9.8
Long Blades    | 4 6 7 9 |  9.8
Armour         | 2 3 4 5 |  5.3
Dodging        | 2 3 4 |  4.5

Action                   |  1- 3 |  4- 6 |  7- 9 || total
-------------------------+-------+-------+-------++-------
Melee: Falchion          |     7 |    19 |    19 ||    45
Invok: Berserk           |     2 |     4 |     1 ||     7
       Trog's Hand       |       |       |     1 ||     1
  Use: Potion            |       |       |     2 ||     2
  Eat: Chunk             |       |     3 |     2 ||     5
Armor: Scale mail        |       |     1 |    92 ||    93
Dodge: Dodged            |       |     6 |    65 ||    71
       Rpst.: Falchion   |       |     2 |    13 ||    15
